 Dungeon Crawl Stone Soup version 0.26-a0-547-g695e311 (webtiles) character file.

Game seed: 6734370045756514404

207 B1Gdaddy5 the Shield-Bearer (level 5, -7/47 HPs)
             Began as a Minotaur Fighter on Aug 20, 2020.
             Killed by divine providence
             ... invoked by an orc priest
              (14 damage)
             ... on level 3 of the Dungeon.
             The game lasted 00:21:26 (3019 turns).

B1Gdaddy5 the Shield-Bearer (Minotaur Fighter)      Turns: 3019, Time: 00:21:27

Health: -7/47      AC:  8    Str: 21    XL:     5   Next: 54%
Magic:  4/4        EV:  8    Int:  5    God:
Gold:   80         SH: 10    Dex: 10    Spells: 4/4 levels left

rFire    . . .     SeeInvis .   a - +0 long sword
rCold    . . .     Faith    .   c - +0 kite shield
rNeg     . . .     Spirit   .   b - +0 scale mail
rPois    .         Reflect  .   q - +1 hat
rElec    .         Harm     .   (no cloak)
rCorr    .                      (no gloves)
MR       .....                  (no boots)
Stlth    ..........             (no amulet)
HPRegen  0.15/turn              (no ring)
MPRegen  0.09/turn              (no ring)

@: no status effects
A: retaliatory headbutt, horns 2
a: no special abilities


You were on level 3 of the Dungeon.
You visited 1 branch of the dungeon, and saw 3 of its levels.

You collected 80 gold pieces.

Inventory:

Hand Weapons
 a - a +0 long sword (weapon)
 u - a +0 dagger of speed
Missiles
 h - 16 bolts
 m - 19 poisoned darts
 s - 2 throwing nets (quivered)
Armour
 b - a +0 scale mail (worn)
 c - a +0 kite shield (worn)
 q - a +1 hat (worn)
 r - a +2 buckler
 v - a +1 helmet
Scrolls
 f - a scroll of amnesia
 g - a scroll of teleportation {unknown}
 j - a scroll of magic mapping
 k - a scroll of immolation {unknown}
 t - a scroll of random uselessness {unknown}
 w - a scroll of blinking {unknown}
 y - a scroll of enchant weapon {unknown}
Potions
 d - a potion of might
 e - 3 potions of curing
 i - 2 potions of lignification
 l - a potion of invisibility
 n - a potion of stabbing {unknown}
 o - a potion of ambrosia {unknown}
 p - a potion of heal wounds {unknown}
 x - a potion of flight {unknown}
 z - a potion of haste {unknown}


   Skills:
 + Level 4.4 Fighting
 + Level 4.1 Long Blades
 + Level 4.8 Armour
 + Level 0.7 Dodging
 + Level 5.2 Shields


You had 4 spell levels left.
You didn't know any spells.
Your spell library was empty.

Dungeon Overview and Level Annotations

Branches:
Dungeon (3/15)

Altars:


Innate Abilities, Weirdness & Mutations

You reflexively headbutt those who attack you in melee.
You have a pair of horns on your head.


Message History

The orc priest shouts!
The orc hits you but does no damage.
You see here a scroll of amnesia.
The orc priest mumbles some strange prayers to Beogh against you.
Pain shoots through your body! The orc hits you with a +0 hand axe.
The orc priest invokes the aid of Beogh against you.
Beogh smites you!
* * * LOW HITPOINT WARNING * * *
The orc throws a stone.
You block the stone.
You see here a stone.
You block the orc's attack. The orc completely misses you.
You furiously retaliate!
You headbutt the orc!
You kill the orc!
You see here a scroll of amnesia.
The orc priest looks encouraged for a moment.
The orc priest casts a cantrip, but nothing happens.
Items here: ! ( ) [ †.
The orc priest invokes the aid of Beogh against you.
Beogh smites you!
You die...

***,#..........,,,,*,* #.#.#
***,#[.......##*****,* #.#.###
,**,#..........,,,,,,* #.#.#÷)
,**,#........####***** #.#....
,,,,'...........# #.#..)#
,***#...........# #########.#...#
,* #...........# #.........#.#.#
.####........)..###.......###.#..
...........(.o.)@('((.....'....).
............o...###.......###.#..
.###........#...# ###.....# #.#..
,* #........#...# #.....# #.#.#
** #.........#'######.....###.#.#
##.####...#......'..........<#
#.# #...########.....###.#.#
####'####...# ######.....#......
##.......#...# #..........#.#.#..


You could see 2 orc priests.

Vanquished Creatures
  An orc wizard (D:3)
  Jessica (D:3)
  Robin (D:3)
  3 adders (D:3)
  2 worms (D:2)
  3 leopard geckos
  9 orcs (D:3)
  7 bats
  3 giant cockroaches
  20 goblins
  9 hobgoblins
  7 jackals
  10 kobolds
  5 ball pythons
  4 frilled lizards
  5 rats
90 creatures vanquished.

Notes
Turn   | Place    | Note
-------+----------+-------------------------------------------
     0 | D:1      | B1Gdaddy5 the Minotaur Fighter began the quest for the Orb.
     0 | D:1      | Reached XP level 1. HP: 19/19 MP: 0/0
   381 | D:1      | Reached XP level 2. HP: 27/27 MP: 1/1
   867 | D:2      | Reached skill level 4 in Shields
  1071 | D:2      | Reached XP level 3. HP: 25/33 MP: 2/2
  2123 | D:3      | Reached XP level 4. HP: 40/40 MP: 3/3
  2157 | D:3      | Noticed Robin
  2180 | D:3      | Killed Robin
  2493 | D:3      | Reached XP level 5. HP: 38/47 MP: 4/4
  2803 | D:3      | Noticed Jessica
  2813 | D:3      | Killed Jessica
  2813 | D:3      | Reached skill level 5 in Shields
  3019 | D:3      | Killed from afar by an orc priest

Illustrated notes

Levels and vault maps discovered:
D:1:      dpeg_arrival_arbitrary_c, layout_loops_corners, minmay_domino_2
D:2:      layout_basic
D:3:      layout_basic, uniq_robin, uniq_jessica

Skill      XL: |  1  2  3  4  5 |
---------------+----------------+-----
Fighting       | 4 |  4.4
Shields        | 4 5 |  5.2
Long Blades    | 3 4 |  4.1
Armour         | 4 |  4.8
Dodging        | |  0.7

Action                   |  1- 3 |  4- 6 || total
-------------------------+-------+-------++-------
Melee: Long sword        |   103 |    94 ||   197
       Headbutt          |    19 |    13 ||    32
  Use: Scroll            |     2 |     2 ||     4
       Potion            |       |     2 ||     2
Armor: Scale mail        |    63 |    63 ||   126
Dodge: Dodged            |    28 |    38 ||    66
Block: Kite shield       |    60 |    74 ||   134
       Rpst.: Long sword |     5 |     9 ||    14

Table legend: (Time is in decaauts)
 A = Elapsed time spent in this place.
 B = Non-inter-level travel time spent in this place.
 C = Inter-level travel time spent in this place.
 D = Time resting spent in this place.
 E = Time spent auto-exploring this place.
 F = Levels seen in this place.
 G = Mean time per level.
                   A        B        C        D        E       F      G
               +--------+--------+--------+--------+--------+-----+--------+
         Total |   3079 |   3016 |     63 |    489 |   1829 |   3 | 1026.3 |
       Dungeon |   3079 |   3016 |     63 |    489 |   1829 |   3 | 1026.3 |
               +--------+--------+--------+--------+--------+-----+--------+

Top non-repeatable levels by time:
     D:3: 1347 daAuts
     D:1: 866 daAuts
     D:2: 864 daAuts
